Capitals vs Whalers

Created - 3 janvier 2013 at 23:08

Goals
1 2 3 T
Capitals 1 0 1 2
Whalers 3 2 0 5
Shots
1 2 3 T
Capitals 9 8 11 28
Whalers 18 13 9 40

1st period

1. Whalers , Todd Bertuzzi 4 (Antoine Vermette, Darryl Sydor) at 7:41
2. Capitals , Jason Blake 3 (François Beauchemin) at 12:40
3. Whalers , Ray Whitney 7 (Sami Kapanen, Chris Kelly) at 15:49
4. Whalers , Darryl Sydor 1 (Antoine Vermette, Pavel Datsyuk) at 16:02 (PP)

Penalties :
Brian Rolston (Was) for Hooking (Minor) at 2:27, Sami Kapanen (Har) for Roughing (Minor) at 13:17, Sergei Gonchar (Was) for Cross-checking (Minor) at 15:50

2nd period

5. Whalers , Chris Kelly 4 (Richard Jackman, Ray Whitney) at 6:09
6. Whalers , Richard Jackman 1 (Ryan Parent) at 14:21

Penalties :
Brian Rolston (Was) for Hooking (Minor) at 2:36, Nils Ekman (Har) for Roughing (Minor) at 9:35, Thomas Vanek (Was) for Holding (Minor) at 18:25

3rd period

7. Capitals , Evgeni Malkin 18 (Sergei Gonchar, Alex Tanguay) at 11:29

Penalties :
Darryl Sydor (Har) for Roughing (Minor) at 9:04, Éric Dazé (Was) for Tripping (Minor) at 9:04, Jason Blake (Was) for Delaying the game (Minor) at 13:39, Antoine Vermette (Har) for Fighting (Major) at 18:26, Sergei Gonchar (Was) for Fighting (Major) at 18:26

Goalie Stats

Marty Turco (Was), 35 saves from 40 shots - (0,875), L, 12-5-1, 60:00 minutes
Jonas Hiller (Har), 26 saves from 28 shots - (0,929), W, 5-8-1, 60:00 minutes

Players Stats for Capitals

Player Name              G  A  P  +/- PIM S  H  SB GA TA FO     MP     PP MP  PK MP  
------------------------------------------------------------------------------------
Ales Hemsky              0  0  0   1  0   2  1  0  0  0  1/1    13:11   0:00   0:00 
Alex Tanguay             0  1  1   0  0   1  1  0  0  0  1/1    22:59   2:22   4:37 
Brian Rafalski           0  0  0   0  0   0  1  1  3  1  0/0    27:27   2:21   4:24 
Brian Rolston            0  0  0  -2  4   1  4  0  0  0  0/0    14:52   1:36   0:00 
Darius Kasparaitis       0  0  0  -2  0   0  0  1  0  0  0/0    12:17   0:00   0:00 
Éric Dazé                0  0  0   0  2   1  0  0  0  0  0/0     7:26   0:00   1:37 
Evgeni Malkin            1  0  1  -1  0   8  2  0  0  1  14/40  26:25   2:22   4:20 
François Beauchemin      0  1  1   0  0   1  0  1  0  0  0/0    20:32   1:37   3:23 
Jason Blake              1  0  1   1  2   4  1  0  2  1  0/2    14:21   0:00   0:32 
Jordan Staal             0  0  0   0  0   0  0  0  0  0  0/0     1:07   0:00   0:43 
Keith Ballard            0  0  0  -2  0   0  1  2  0  0  0/0    12:13   0:00   0:33 
Mike Richards            0  0  0  -2  0   3  3  0  0  0  2/10   17:27   1:36   2:29 
Nicklas Backstrom        0  0  0  -1  0   0  0  0  0  0  0/1     5:13   0:00   0:00 
Patrick Kane             0  0  0  -1  0   2  0  0  0  1  2/4    16:15   2:22   0:00 
Peter Regin              0  0  0   1  0   2  2  0  0  1  2/8    13:35   0:00   0:00 
Sergei Gonchar           0  1  1   0  7   0  1  2  0  1  0/0    26:57   2:21   4:33 
Thomas Vanek             0  0  0  -2  2   2  1  0  0  0  1/1    16:57   1:36   1:58 
Toni Lydman              0  0  0   0  0   1  0  1  3  1  0/0    20:32   1:37   3:23 

Players Stats for Whalers

Player Name              G  A  P  +/- PIM S  H  SB GA TA FO     MP     PP MP  PK MP  
------------------------------------------------------------------------------------
Antoine Vermette         0  2  2   2  5   5  1  1  1  0  1/1    20:57   4:38   0:32 
Chad Kilger              0  0  0  -1  0   1  1  0  0  0  0/0    12:58   0:37   2:22 
Chris Kelly              1  1  2   2  0   5  0  0  0  2  8/14   17:42   2:53   0:32 
Darryl Sydor             1  1  2  -1  2   1  1  2  1  1  0/0    25:21   5:35   0:00 
Dominic Moore            0  0  0   0  0   0  1  0  0  0  5/6     8:47   0:00   2:22 
Filip Kuba               0  0  0   1  0   2  0  0  2  1  0/0    27:36   5:35   1:27 
Jay McKee                0  0  0  -1  0   2  0  1  0  0  0/0    20:51   2:33   2:31 
Joffrey Lupul            0  0  0   0  0   0  0  0  0  0  0/0     6:48   0:37   0:00 
Mark Eaton               0  0  0  -1  0   0  0  0  1  2  0/0    20:51   2:33   2:31 
Michael Rupp             0  0  0  -1  0   1  2  0  0  0  3/4    10:18   0:37   0:00 
Nils Ekman               0  0  0  -1  2   1  0  0  0  0  1/1    10:27   0:00   0:39 
Pavel Datsyuk            0  1  1   1  0   4  0  2  1  1  23/38  23:25   4:38   1:04 
Ray Whitney              1  1  2   2  0   6  0  0  0  0  2/2    17:10   2:53   0:00 
Richard Jackman          1  1  2   3  0   2  1  0  1  0  0/0    14:01   0:00   1:27 
Ryan Parent              0  1  1   2  0   0  0  0  0  0  0/0    11:21   0:00   0:00 
Sami Kapanen             0  1  1   2  2   7  0  1  0  1  0/0    16:55   2:53   0:25 
Todd Bertuzzi            1  0  1   1  0   3  1  0  0  0  2/2    22:21   4:38   0:00 
Ville Nieminen           0  0  0   0  0   0  0  0  0  0  0/0     6:10   0:00   0:00 

3 Stars

1 - Richard Jackman (Har)
2 - Ray Whitney (Har)
3 - Chris Kelly (Har)

Power Play

Capitals - 0 on 2 Attempt(s) - 0,00%
Whalers - 1 on 5 Attempt(s) - 20,00%

Penalty Kill

Capitals - 4 on 5 Attempt(s) - 80,00% - Score 0 goal in Penalty Kill
Whalers - 2 on 2 Attempt(s) - 100,00% - Score 0 goal in Penalty Kill

Official

Referees : StPierre Justin and Lee Chris
Linesman : Mark Wheler and Scott Driscoll

Game Notes

6:09 of 2nd period - Whalers goal is going for a video replay. After video review, Goal.
Antoine Vermette beats up Sergei Gonchar at 18:26 of 3rd period

Finance

Level 1 -- Attendance: 4594 (76,57%) -- Ticket Income 459 400 $
Level 2 -- Attendance: 3948 (78,96%) -- Ticket Income 236 880 $
Level 3 -- Attendance: 1359 (67,95%) -- Ticket Income 47 565 $
Level 4 -- Attendance: 3800 (95,00%) -- Ticket Income 76 000 $
Luxury Box -- Attendance: 696 (69,60%) -- Ticket Income 139 200 $
Total Attendance: 14397 (79,98%)
Total Ticket Income: 959 045 $
Total Income: 959 045 $

Capitals

5 vs 5 Forward 
   Center                   Left Wing                Right Wing               Time % Phy DF OF 
 1 Evgeni Malkin            Alex Tanguay             Patrick Kane             40     1   2  2  
 2 Mike Richards            Thomas Vanek             Brian Rolston            30     1   2  2  
 3 Peter Regin              Jason Blake              Ales Hemsky              20     1   2  2  
 4 Nicklas Backstrom        Éric Dazé                Evgeni Malkin            10     1   2  2  

5 vs 5 Defense 
   Defense                  Defense                                           Time % Phy DF OF 
 1 Sergei Gonchar           Brian Rafalski                                    40     1   2  2  
 2 François Beauchemin      Toni Lydman                                       30     1   2  2  
 3 Darius Kasparaitis       Keith Ballard                                     20     1   2  2  
 4 Sergei Gonchar           Brian Rafalski                                    10     1   2  2  

PowerPlay Forward 
   Center                   Left Wing                Right Wing               Time % Phy DF OF 
 1 Evgeni Malkin            Alex Tanguay             Patrick Kane             60     1   2  2  
 2 Mike Richards            Thomas Vanek             Brian Rolston            40     1   2  2  

PowerPlay Defense
   Defense                  Defense                                           Time % Phy DF OF 
 1 Sergei Gonchar           Brian Rafalski                                    60     1   2  2  
 2 François Beauchemin      Toni Lydman                                       40     1   2  2  

Penalty Kill 4 Players Forward 
   Center                   Wing                     Time % Phy DF OF 
 1 Evgeni Malkin            Alex Tanguay             60     1   2  2  
 2 Thomas Vanek             Mike Richards            40     1   2  2  

Penalty Kill 4 Players Defense
   Defense                  Defense                  Time % Phy DF OF 
 1 Sergei Gonchar           Brian Rafalski           60     1   2  2  
 2 François Beauchemin      Toni Lydman              40     1   2  2  

Penalty Kill - 3 Players Forward 
   Forward                                           Time % Phy DF OF 
 1 Evgeni Malkin                                     60     1   2  2  
 2 Alex Tanguay                                      40     1   2  2  

Penalty Kill - 3 Players Defense
   Defense                  Defense                  Time % Phy DF OF 
 1 Sergei Gonchar           Brian Rafalski           60     1   2  2  
 2 François Beauchemin      Toni Lydman              40     1   2  2  

4 vs 4 Forward 
   Center                   Wing                     Time % Phy DF OF 
 1 Evgeni Malkin            Alex Tanguay             60     1   2  2  
 2 Thomas Vanek             Mike Richards            40     1   2  2  

4 vs 4 Defense
   Defense                  Defense                  Time % Phy DF OF 
 1 Sergei Gonchar           Brian Rafalski           60     1   2  2  
 2 François Beauchemin      Toni Lydman              40     1   2  2  

Last Minutes Offensive
   Center                   Left Wing                Right Wing               Defense                  Defense                  
   Evgeni Malkin            Alex Tanguay             Patrick Kane             Sergei Gonchar           Brian Rafalski           

Last Minutes Defensive
   Center                   Left Wing                Right Wing               Defense                  Defense                  
   Evgeni Malkin            Alex Tanguay             Patrick Kane             Sergei Gonchar           Brian Rafalski           

Goaltenders
Starting : Marty Turco              
Backup : Ty Conklin               

Extra Forwards
Normal : Jason Blake, Peter Regin, Éric Dazé - PP : Jason Blake, Peter Regin - PK : Éric Dazé
Extra Defensemen
Normal : Darius Kasparaitis, Keith Ballard, François Beauchemin - PP : Darius Kasparaitis - PK : Keith Ballard, François Beauchemin
Penalty Shots
Evgeni Malkin, Alex Tanguay, Thomas Vanek, Mike Richards, Patrick Kane

Whalers

5 vs 5 Forward 
   Center                   Left Wing                Right Wing               Time % Phy DF OF 
 1 Pavel Datsyuk            Antoine Vermette         Todd Bertuzzi            40     1   2  2  
 2 Chris Kelly              Ray Whitney              Sami Kapanen             30     1   2  2  
 3 Michael Rupp             Chad Kilger              Nils Ekman               20     1   2  2  
 4 Dominic Moore            Ville Nieminen           Joffrey Lupul            10     1   2  2  

5 vs 5 Defense 
   Defense                  Defense                                           Time % Phy DF OF 
 1 Darryl Sydor             Filip Kuba                                        40     1   2  2  
 2 Jay McKee                Mark Eaton                                        30     1   2  2  
 3 Richard Jackman          Ryan Parent                                       20     1   2  2  
 4 Darryl Sydor             Filip Kuba                                        10     1   2  2  

PowerPlay Forward 
   Center                   Left Wing                Right Wing               Time % Phy DF OF 
 1 Pavel Datsyuk            Antoine Vermette         Todd Bertuzzi            60     1   2  2  
 2 Chris Kelly              Ray Whitney              Sami Kapanen             40     1   2  2  

PowerPlay Defense
   Defense                  Defense                                           Time % Phy DF OF 
 1 Darryl Sydor             Filip Kuba                                        60     1   2  2  
 2 Jay McKee                Mark Eaton                                        40     1   2  2  

Penalty Kill 4 Players Forward 
   Center                   Wing                     Time % Phy DF OF 
 1 Dominic Moore            Chad Kilger              60     1   3  1  
 2 Pavel Datsyuk            Nils Ekman               40     1   3  1  

Penalty Kill 4 Players Defense
   Defense                  Defense                  Time % Phy DF OF 
 1 Mark Eaton               Jay McKee                60     1   3  1  
 2 Richard Jackman          Filip Kuba               40     1   3  1  

Penalty Kill - 3 Players Forward 
   Forward                                           Time % Phy DF OF 
 1 Dominic Moore                                     60     1   4  0  
 2 Pavel Datsyuk                                     40     1   4  0  

Penalty Kill - 3 Players Defense
   Defense                  Defense                  Time % Phy DF OF 
 1 Mark Eaton               Jay McKee                60     1   4  0  
 2 Richard Jackman          Filip Kuba               40     1   4  0  

4 vs 4 Forward 
   Center                   Wing                     Time % Phy DF OF 
 1 Pavel Datsyuk            Todd Bertuzzi            60     1   2  2  
 2 Chris Kelly              Antoine Vermette         40     1   2  2  

4 vs 4 Defense
   Defense                  Defense                  Time % Phy DF OF 
 1 Darryl Sydor             Filip Kuba               60     1   2  2  
 2 Jay McKee                Mark Eaton               40     1   2  2  

Last Minutes Offensive
   Center                   Left Wing                Right Wing               Defense                  Defense                  
   Pavel Datsyuk            Antoine Vermette         Todd Bertuzzi            Darryl Sydor             Filip Kuba               

Last Minutes Defensive
   Center                   Left Wing                Right Wing               Defense                  Defense                  
   Pavel Datsyuk            Antoine Vermette         Todd Bertuzzi            Darryl Sydor             Filip Kuba               

Goaltenders
Starting : Jonas Hiller             
Backup : Vesa Toskala             

Extra Forwards
Normal : Ray Whitney, Michael Rupp, Sami Kapanen - PP : Ray Whitney, Michael Rupp - PK : Sami Kapanen
Extra Defensemen
Normal : Richard Jackman, Filip Kuba, Jay McKee - PP : Richard Jackman - PK : Filip Kuba, Jay McKee
Penalty Shots
Pavel Datsyuk, Todd Bertuzzi, Antoine Vermette, Sami Kapanen, Nils Ekman

% Time on Ice - Capitals

Lines # - Real PCT - Wanted PCT - Time Play
Normal Forward
1 - 32% - 40% - 14:43
2 - 28% - 30% - 13:02
3 - 28% - 20% - 12:57
4 - 11% - 10% - 5:13
Normal Defense
1 - 40% - 40% - 18:09
2 - 32% - 30% - 14:52
3 - 25% - 20% - 11:40
4 - 3% - 10% - 1:14
PP Forward
1 - 60% - 60% - 2:22
2 - 40% - 40% - 1:36
PP Defense
1 - 59% - 60% - 2:21
2 - 41% - 40% - 1:37
PK Forward
1 - 69% - 60% - 5:39
2 - 31% - 40% - 2:29
PK Defense
1 - 58% - 60% - 4:45
2 - 42% - 40% - 3:23
PK3 Forward
1 - 0% - 60%
2 - 0% - 40%
PK3 Defense
1 - 0% - 60%
2 - 0% - 40%
44 Forward
1 - 83% - 60% - 1:39
2 - 17% - 40% - 0:20
44 Defense
1 - 66% - 60% - 1:19
2 - 34% - 40% - 0:40
Last Minute Offensive  - 0:00
Last Minute Defensive  - 0:00
Total
Forward - 60:00
Defense - 60:00

% Time on Ice - Whalers

Lines # - Real PCT - Wanted PCT - Time Play
Normal Forward
1 - 36% - 40% - 16:30
2 - 30% - 30% - 13:38
3 - 21% - 20% - 9:37
4 - 13% - 10% - 6:10
Normal Defense
1 - 41% - 40% - 18:52
2 - 32% - 30% - 14:49
3 - 25% - 20% - 11:21
4 - 2% - 10% - 0:53
PP Forward
1 - 65% - 60% - 5:15
2 - 35% - 40% - 2:53
PP Defense
1 - 69% - 60% - 5:35
2 - 31% - 40% - 2:33
PK Forward
1 - 73% - 60% - 2:54
2 - 27% - 40% - 1:04
PK Defense
1 - 63% - 60% - 2:31
2 - 37% - 40% - 1:27
PK3 Forward
1 - 0% - 60%
2 - 0% - 40%
PK3 Defense
1 - 0% - 60%
2 - 0% - 40%
44 Forward
1 - 72% - 60% - 1:26
2 - 28% - 40% - 0:33
44 Defense
1 - 34% - 60% - 0:40
2 - 66% - 40% - 1:19
Last Minute Offensive  - 0:00
Last Minute Defensive  - 0:00
Total
Forward - 60:00
Defense - 60:00

Play by Play

1st period


0:01 of 1st period - Pavel Datsyuk wins face-off versus Evgeni Malkin in neutral zone.
0:34 of 1st period - Snap shot by Chris Kelly.
0:34 of 1st period - Deflect By Brian Rafalski.
0:34 of 1st period - Stopped by Marty Turco with a rebound.
0:48 of 1st period - Wrist shot by Ville Nieminen.
0:48 of 1st period - Shot Misses the Net.
1:54 of 1st period - Snap shot by Peter Regin.
1:54 of 1st period - Stopped by Jonas Hiller without a rebound.
1:55 of 1st period - Chris Kelly wins face-off versus Peter Regin in Whalers zone.
1:55 of 1st period - Chris Kelly is hit by Peter Regin.
2:01 of 1st period - Slapshot by Chris Kelly.
2:01 of 1st period - Deflect By Sami Kapanen.
2:01 of 1st period - Shot Misses the Net.
2:01 of 1st period - Puck is out of play.
2:02 of 1st period - Ray Whitney wins face-off versus Evgeni Malkin in Capitals zone.
2:07 of 1st period - Snap shot by Sami Kapanen.
2:07 of 1st period - Stopped by Marty Turco with a rebound.
2:27 of 1st period - Snap shot by Michael Rupp.
2:27 of 1st period - Deflect By Nils Ekman.
2:27 of 1st period - Stopped by Marty Turco without a rebound.
2:27 of 1st period - Minor Penalty to Brian Rolston for Hooking.
2:28 of 1st period - Pavel Datsyuk wins face-off versus Evgeni Malkin in Capitals zone.
3:03 of 1st period - Wrist shot by Sami Kapanen.
3:03 of 1st period - Shot Blocked by François Beauchemin.
4:26 of 1st period - Icing by Mark Eaton.
4:27 of 1st period - Penalty to Brian Rolston is over, Brian Rolston is back on ice.
4:27 of 1st period - Ray Whitney wins face-off versus Peter Regin in Whalers zone.
4:40 of 1st period - Mark Eaton is hit by Mike Richards and loses puck.
5:56 of 1st period - Icing by Chris Kelly.
5:57 of 1st period - Ales Hemsky wins face-off versus Chris Kelly in Whalers zone.
5:58 of 1st period - Wrist shot by Jason Blake.
5:58 of 1st period - Stopped by Jonas Hiller with a rebound.
6:08 of 1st period - Slapshot by Peter Regin.
6:08 of 1st period - Deflect By Ales Hemsky.
6:08 of 1st period - Shot Misses the Net.
6:08 of 1st period - Puck is out of play.
6:09 of 1st period - Pavel Datsyuk wins face-off versus Patrick Kane in Whalers zone.
6:16 of 1st period - Evgeni Malkin is hit by Darryl Sydor and loses puck.
7:41 of 1st period - Snap shot by Todd Bertuzzi.
7:41 of 1st period - Goal by Todd Bertuzzi - Capitals : 0 - Whalers : 1.
7:42 of 1st period - Pavel Datsyuk wins face-off versus Evgeni Malkin in neutral zone.
8:15 of 1st period - Slapshot by Antoine Vermette.
8:15 of 1st period - Shot Misses the Net.
8:17 of 1st period - Wrist shot by Mark Eaton.
8:17 of 1st period - Shot Hit the Post.
8:19 of 1st period - Snap shot by Antoine Vermette.
8:19 of 1st period - Stopped by Marty Turco without a rebound.
8:20 of 1st period - Chris Kelly wins face-off versus Evgeni Malkin in Capitals zone.
8:27 of 1st period - Wrist shot by Sami Kapanen.
8:27 of 1st period - Stopped by Marty Turco without a rebound.
8:28 of 1st period - Evgeni Malkin wins face-off versus Chris Kelly in Capitals zone.
8:43 of 1st period - Snap shot by Chris Kelly.
8:43 of 1st period - Stopped by Marty Turco with a rebound.
9:58 of 1st period - Snap shot by Sami Kapanen.
9:58 of 1st period - Stopped by Marty Turco with a rebound.
10:08 of 1st period - Snap shot by Chris Kelly.
10:08 of 1st period - Deflect By Ray Whitney.
10:08 of 1st period - Shot Misses the Net.
10:08 of 1st period - Puck is out of play.
10:09 of 1st period - Pavel Datsyuk wins face-off versus Mike Richards in Capitals zone.
10:36 of 1st period - Chris Kelly is hit by Ales Hemsky.
10:37 of 1st period - Icing by Chris Kelly.
10:38 of 1st period - Chris Kelly wins face-off versus Jason Blake in Whalers zone.
10:45 of 1st period - Wrist shot by Sami Kapanen.
10:45 of 1st period - Deflect By Ray Whitney.
10:45 of 1st period - Stopped by Marty Turco without a rebound.
10:46 of 1st period - Evgeni Malkin wins face-off versus Pavel Datsyuk in Capitals zone.
10:55 of 1st period - Slapshot by Evgeni Malkin.
10:55 of 1st period - Shot Misses the Net.
10:57 of 1st period - Slapshot by Evgeni Malkin.
10:57 of 1st period - Deflect By Alex Tanguay.
10:57 of 1st period - Shot Blocked by Darryl Sydor.
10:57 of 1st period - Puck is out of play.
10:58 of 1st period - Evgeni Malkin wins face-off versus Pavel Datsyuk in Whalers zone.
10:59 of 1st period - Snap shot by Patrick Kane.
10:59 of 1st period - Stopped by Jonas Hiller without a rebound.
11:00 of 1st period - Patrick Kane wins face-off versus Pavel Datsyuk in Whalers zone.
11:01 of 1st period - Snap shot by Evgeni Malkin.
11:01 of 1st period - Stopped by Jonas Hiller with a rebound.
11:25 of 1st period - Chris Kelly is hit by Brian Rolston and loses puck.
11:30 of 1st period - Snap shot by Thomas Vanek.
11:30 of 1st period - Shot Misses the Net.
11:32 of 1st period - Backhand shot by Darius Kasparaitis.
11:32 of 1st period - Shot Misses the Net.
11:38 of 1st period - Snap shot by Thomas Vanek.
11:38 of 1st period - Stopped by Jonas Hiller without a rebound.
11:39 of 1st period - Alex Tanguay wins face-off versus Pavel Datsyuk in Whalers zone.
12:12 of 1st period - Snap shot by Peter Regin.
12:12 of 1st period - Stopped by Jonas Hiller with a rebound.
12:14 of 1st period - Snap shot by Peter Regin.
12:14 of 1st period - Deflect By Mark Eaton.
12:14 of 1st period - Shot Misses the Net.
12:14 of 1st period - Puck is out of play.
12:15 of 1st period - Michael Rupp wins face-off versus Evgeni Malkin in Whalers zone.
12:40 of 1st period - Snap shot by Jason Blake.
12:40 of 1st period - Goal by Jason Blake - Capitals : 1 - Whalers : 1.
12:41 of 1st period - Pavel Datsyuk wins face-off versus Evgeni Malkin in neutral zone.
13:17 of 1st period - Minor Penalty to Sami Kapanen for Roughing.
13:18 of 1st period - Dominic Moore wins face-off versus Evgeni Malkin in Whalers zone.
14:09 of 1st period - Slapshot by Mike Richards.
14:09 of 1st period - Shot Blocked by Pavel Datsyuk.
14:18 of 1st period - Icing by Brian Rafalski.
14:19 of 1st period - Dominic Moore wins face-off versus Mike Richards in Capitals zone.
15:17 of 1st period - Penalty to Sami Kapanen is over, Sami Kapanen is back on ice.
15:49 of 1st period - Snap shot by Ray Whitney.
15:49 of 1st period - Goal by Ray Whitney - Capitals : 1 - Whalers : 2.
15:50 of 1st period - Mike Richards wins face-off versus Pavel Datsyuk in neutral zone.
15:50 of 1st period - Minor Penalty to Sergei Gonchar for Cross-checking.
15:51 of 1st period - Todd Bertuzzi wins face-off versus Evgeni Malkin in Capitals zone.
16:00 of 1st period - Slapshot by Antoine Vermette.
16:00 of 1st period - Stopped by Marty Turco with a rebound.
16:02 of 1st period - Slapshot by Darryl Sydor.
16:02 of 1st period - Goal by Darryl Sydor - Capitals : 1 - Whalers : 3.
16:03 of 1st period - Pavel Datsyuk wins face-off versus Evgeni Malkin in neutral zone.
16:16 of 1st period - Slapshot by Filip Kuba.
16:16 of 1st period - Stopped by Marty Turco with a rebound.
16:18 of 1st period - Slapshot by Antoine Vermette.
16:18 of 1st period - Stopped by Marty Turco without a rebound.
16:19 of 1st period - Chris Kelly wins face-off versus Mike Richards in Capitals zone.
16:44 of 1st period - Alex Tanguay is hit by Michael Rupp and loses puck.
17:09 of 1st period - Slapshot by Pavel Datsyuk.
17:09 of 1st period - Stopped by Marty Turco with a rebound.
17:13 of 1st period - Wrist shot by Todd Bertuzzi.
17:13 of 1st period - Stopped by Marty Turco with a rebound.
17:51 of 1st period - Snap shot by Chris Kelly.
17:51 of 1st period - Stopped by Marty Turco with a rebound.
17:53 of 1st period - Snap shot by Ray Whitney.
17:53 of 1st period - Stopped by Marty Turco without a rebound.
17:54 of 1st period - Antoine Vermette wins face-off versus Peter Regin in Capitals zone.
18:44 of 1st period - Mike Richards is hit by Dominic Moore and loses puck.
19:10 of 1st period - Off-side.
19:11 of 1st period - Peter Regin wins face-off versus Pavel Datsyuk in neutral zone.
19:41 of 1st period - Off-side.
19:42 of 1st period - Evgeni Malkin wins face-off versus Chris Kelly in neutral zone.
19:45 of 1st period - Slapshot by Evgeni Malkin.
19:45 of 1st period - Stopped by Jonas Hiller without a rebound.
19:46 of 1st period - Evgeni Malkin wins face-off versus Chris Kelly in Whalers zone.
19:49 of 1st period - Wrist shot by Evgeni Malkin.
19:49 of 1st period - Shot Blocked by Sami Kapanen.
19:53 of 1st period - Slapshot by Evgeni Malkin.
19:53 of 1st period - Stopped by Jonas Hiller without a rebound.
19:54 of 1st period - Pavel Datsyuk wins face-off versus Evgeni Malkin in Whalers zone.

2nd period


0:01 of 2nd period - Evgeni Malkin wins face-off versus Pavel Datsyuk in neutral zone.
0:34 of 2nd period - Slapshot by Sami Kapanen.
0:34 of 2nd period - Shot Hit the Post.
1:14 of 2nd period - Snap shot by Evgeni Malkin.
1:14 of 2nd period - Deflect By Pavel Datsyuk.
1:14 of 2nd period - Shot Blocked by Antoine Vermette.
1:14 of 2nd period - Puck is out of play.
1:15 of 2nd period - Pavel Datsyuk wins face-off versus Mike Richards in Whalers zone.
1:48 of 2nd period - Wrist shot by Mike Richards.
1:48 of 2nd period - Stopped by Jonas Hiller without a rebound.
1:49 of 2nd period - Evgeni Malkin wins face-off versus Chris Kelly in Whalers zone.
2:36 of 2nd period - Minor Penalty to Brian Rolston for Hooking.
2:37 of 2nd period - Evgeni Malkin wins face-off versus Pavel Datsyuk in Capitals zone.
2:46 of 2nd period - Sergei Gonchar is hit by Antoine Vermette and loses puck.
3:22 of 2nd period - Snap shot by Sami Kapanen.
3:22 of 2nd period - Stopped by Marty Turco with a rebound.
3:24 of 2nd period - Snap shot by Darryl Sydor.
3:24 of 2nd period - Shot Blocked by Toni Lydman.
3:26 of 2nd period - Slapshot by Sami Kapanen.
3:26 of 2nd period - Stopped by Marty Turco with a rebound.
4:29 of 2nd period - Jason Blake is hit by Chad Kilger.
4:36 of 2nd period - Penalty to Brian Rolston is over, Brian Rolston is back on ice.
4:39 of 2nd period - Slapshot by Evgeni Malkin.
4:39 of 2nd period - Shot Misses the Net.
4:57 of 2nd period - Slapshot by Evgeni Malkin.
4:57 of 2nd period - Stopped by Jonas Hiller without a rebound.
4:58 of 2nd period - Michael Rupp wins face-off versus Peter Regin in Whalers zone.
5:49 of 2nd period - Sami Kapanen is hit by Brian Rolston and loses puck.
5:54 of 2nd period - Wrist shot by Brian Rolston.
5:54 of 2nd period - Stopped by Jonas Hiller without a rebound.
5:55 of 2nd period - Chris Kelly wins face-off versus Mike Richards in Whalers zone.
5:55 of 2nd period - Chris Kelly is hit by Keith Ballard.
6:07 of 2nd period - Snap shot by Ray Whitney.
6:07 of 2nd period - Stopped by Marty Turco with a rebound.
6:09 of 2nd period - Snap shot by Richard Jackman.
6:09 of 2nd period - Deflect By Chris Kelly.
6:09 of 2nd period - Whalers goal is going for a video replay.
6:09 of 2nd period - The goal is good.
6:09 of 2nd period - Goal by Chris Kelly - Capitals : 1 - Whalers : 4.
6:10 of 2nd period - Patrick Kane wins face-off versus Pavel Datsyuk in neutral zone.
6:15 of 2nd period - Wrist shot by Patrick Kane.
6:15 of 2nd period - Stopped by Jonas Hiller with a rebound.
6:25 of 2nd period - Snap shot by Evgeni Malkin.
6:25 of 2nd period - Shot Misses the Net.
7:18 of 2nd period - Snap shot by Antoine Vermette.
7:18 of 2nd period - Stopped by Marty Turco without a rebound.
7:19 of 2nd period - Evgeni Malkin wins face-off versus Chris Kelly in Capitals zone.
7:26 of 2nd period - Wrist shot by Sami Kapanen.
7:26 of 2nd period - Shot Misses the Net.
7:28 of 2nd period - Wrist shot by Sami Kapanen.
7:28 of 2nd period - Deflect By Ray Whitney.
7:28 of 2nd period - Stopped by Marty Turco with a rebound.
7:32 of 2nd period - Slapshot by Sami Kapanen.
7:32 of 2nd period - Shot Misses the Net.
7:34 of 2nd period - Wrist shot by Chris Kelly.
7:34 of 2nd period - Shot Misses the Net.
7:44 of 2nd period - Mike Richards is hit by Michael Rupp and loses puck.
8:05 of 2nd period - Darius Kasparaitis is hit by Richard Jackman and loses puck.
8:40 of 2nd period - Mark Eaton is hit by Sergei Gonchar and loses puck.
8:51 of 2nd period - Mark Eaton is hit by Jason Blake and loses puck.
9:35 of 2nd period - Minor Penalty to Nils Ekman for Roughing.
9:36 of 2nd period - Evgeni Malkin wins face-off versus Dominic Moore in Whalers zone.
9:37 of 2nd period - Snap shot by Patrick Kane.
9:37 of 2nd period - Deflect By Evgeni Malkin.
9:37 of 2nd period - Stopped by Jonas Hiller without a rebound.
9:38 of 2nd period - Dominic Moore wins face-off versus Evgeni Malkin in Whalers zone.
9:38 of 2nd period - Dominic Moore is hit by Evgeni Malkin.
9:54 of 2nd period - Snap shot by Evgeni Malkin.
9:54 of 2nd period - Deflect By Alex Tanguay.
9:54 of 2nd period - Stopped by Jonas Hiller without a rebound.
9:55 of 2nd period - Dominic Moore wins face-off versus Evgeni Malkin in Whalers zone.
11:35 of 2nd period - Penalty to Nils Ekman is over, Nils Ekman is back on ice.
11:42 of 2nd period - Slapshot by Ales Hemsky.
11:42 of 2nd period - Shot Misses the Net.
11:44 of 2nd period - Wrist shot by Peter Regin.
11:44 of 2nd period - Shot Misses the Net.
11:46 of 2nd period - Snap shot by Jason Blake.
11:46 of 2nd period - Stopped by Jonas Hiller without a rebound.
11:47 of 2nd period - Peter Regin wins face-off versus Pavel Datsyuk in Whalers zone.
12:23 of 2nd period - Wrist shot by Mike Richards.
12:23 of 2nd period - Stopped by Jonas Hiller with a rebound.
12:25 of 2nd period - Slapshot by Keith Ballard.
12:25 of 2nd period - Shot Blocked by Darryl Sydor.
13:08 of 2nd period - Slapshot by Filip Kuba.
13:08 of 2nd period - Shot Blocked by Brian Rafalski.
13:10 of 2nd period - Snap shot by Pavel Datsyuk.
13:10 of 2nd period - Shot Misses the Net.
13:12 of 2nd period - Wrist shot by Pavel Datsyuk.
13:12 of 2nd period - Deflect By Todd Bertuzzi.
13:12 of 2nd period - Shot Misses the Net.
13:12 of 2nd period - Puck is out of play.
13:13 of 2nd period - Chris Kelly wins face-off versus Mike Richards in Capitals zone.
13:28 of 2nd period - Slapshot by Sami Kapanen.
13:28 of 2nd period - Deflect By Mike Richards.
13:28 of 2nd period - Shot Misses the Net.
13:28 of 2nd period - Puck is out of play.
13:29 of 2nd period - Pavel Datsyuk wins face-off versus Evgeni Malkin in Capitals zone.
14:05 of 2nd period - Backhand shot by Thomas Vanek.
14:05 of 2nd period - Deflect By Mike Richards.
14:05 of 2nd period - Shot Misses the Net.
14:05 of 2nd period - Puck is out of play.
14:06 of 2nd period - Pavel Datsyuk wins face-off versus Evgeni Malkin in Whalers zone.
14:21 of 2nd period - Slapshot by Richard Jackman.
14:21 of 2nd period - Goal by Richard Jackman - Capitals : 1 - Whalers : 5.
14:22 of 2nd period - Evgeni Malkin wins face-off versus Pavel Datsyuk in neutral zone.
14:49 of 2nd period - Chris Kelly is hit by Brian Rolston.
14:59 of 2nd period - Wrist shot by Sami Kapanen.
14:59 of 2nd period - Stopped by Marty Turco without a rebound.
15:00 of 2nd period - Evgeni Malkin wins face-off versus Pavel Datsyuk in Capitals zone.
16:24 of 2nd period - Icing by Dominic Moore.
16:25 of 2nd period - Pavel Datsyuk wins face-off versus Evgeni Malkin in Whalers zone.
16:41 of 2nd period - Snap shot by Pavel Datsyuk.
16:41 of 2nd period - Shot Misses the Net.
17:50 of 2nd period - Slapshot by Chris Kelly.
17:50 of 2nd period - Stopped by Marty Turco with a rebound.
17:52 of 2nd period - Slapshot by Chris Kelly.
17:52 of 2nd period - Shot Blocked by Darius Kasparaitis.
18:06 of 2nd period - Wrist shot by Sami Kapanen.
18:06 of 2nd period - Shot Blocked by Keith Ballard.
18:11 of 2nd period - Wrist shot by Sami Kapanen.
18:11 of 2nd period - Stopped by Marty Turco with a rebound.
18:13 of 2nd period - Slapshot by Ray Whitney.
18:13 of 2nd period - Stopped by Marty Turco without a rebound.
18:14 of 2nd period - Mike Richards wins face-off versus Pavel Datsyuk in Capitals zone.
18:23 of 2nd period - Wrist shot by Pavel Datsyuk.
18:23 of 2nd period - Stopped by Marty Turco with a rebound.
18:25 of 2nd period - Slapshot by Filip Kuba.
18:25 of 2nd period - Stopped by Marty Turco without a rebound.
18:25 of 2nd period - Minor Penalty to Thomas Vanek for Holding.
18:26 of 2nd period - Evgeni Malkin wins face-off versus Pavel Datsyuk in Capitals zone.
19:43 of 2nd period - Snap shot by Chad Kilger.
19:43 of 2nd period - Shot Misses the Net.

3rd period


0:01 of 3rd period - Pavel Datsyuk wins face-off versus Evgeni Malkin in neutral zone.
0:08 of 3rd period - Wrist shot by Pavel Datsyuk.
0:08 of 3rd period - Stopped by Marty Turco with a rebound.
0:25 of 3rd period - Penalty to Thomas Vanek is over, Thomas Vanek is back on ice.
1:06 of 3rd period - Snap shot by Antoine Vermette.
1:06 of 3rd period - Shot Misses the Net.
1:16 of 3rd period - Slapshot by Toni Lydman.
1:16 of 3rd period - Stopped by Jonas Hiller with a rebound.
1:22 of 3rd period - Antoine Vermette is hit by Peter Regin and loses puck.
2:01 of 3rd period - Wrist shot by Todd Bertuzzi.
2:01 of 3rd period - Stopped by Marty Turco with a rebound.
2:05 of 3rd period - Backhand shot by Antoine Vermette.
2:05 of 3rd period - Stopped by Marty Turco with a rebound.
2:14 of 3rd period - Off-side.
2:15 of 3rd period - Evgeni Malkin wins face-off versus Michael Rupp in neutral zone.
2:18 of 3rd period - Snap shot by Brian Rafalski.
2:18 of 3rd period - Shot Misses the Net.
4:50 of 3rd period - Chad Kilger is hit by Alex Tanguay.
7:41 of 3rd period - Michael Rupp is hit by Evgeni Malkin and loses puck.
8:00 of 3rd period - Ray Whitney is hit by Brian Rolston and loses puck.
8:07 of 3rd period - Ray Whitney is hit by Mike Richards and loses puck.
9:04 of 3rd period - Minor Penalty to Darryl Sydor for Roughing.
9:04 of 3rd period - Minor Penalty to Éric Dazé for Tripping.
9:05 of 3rd period - Pavel Datsyuk wins face-off versus Evgeni Malkin in neutral zone.
9:12 of 3rd period - Backhand shot by Jay McKee.
9:12 of 3rd period - Stopped by Marty Turco without a rebound.
9:13 of 3rd period - Todd Bertuzzi wins face-off versus Evgeni Malkin in Capitals zone.
9:14 of 3rd period - Snap shot by Pavel Datsyuk.
9:14 of 3rd period - Deflect By Brian Rafalski.
9:14 of 3rd period - Stopped by Marty Turco without a rebound.
9:15 of 3rd period - Pavel Datsyuk wins face-off versus Evgeni Malkin in Capitals zone.
9:57 of 3rd period - Wrist shot by Todd Bertuzzi.
9:57 of 3rd period - Shot Misses the Net.
9:59 of 3rd period - Snap shot by Pavel Datsyuk.
9:59 of 3rd period - Shot Blocked by Sergei Gonchar.
10:01 of 3rd period - Slapshot by Jay McKee.
10:01 of 3rd period - Deflect By Brian Rafalski.
10:01 of 3rd period - Stopped by Marty Turco without a rebound.
10:02 of 3rd period - Pavel Datsyuk wins face-off versus Evgeni Malkin in Capitals zone.
10:41 of 3rd period - Wrist shot by Peter Regin.
10:41 of 3rd period - Deflect By Todd Bertuzzi.
10:41 of 3rd period - Shot Blocked by Pavel Datsyuk.
10:41 of 3rd period - Puck is out of play.
10:42 of 3rd period - Pavel Datsyuk wins face-off versus Jason Blake in Whalers zone.
11:04 of 3rd period - Penalty to Darryl Sydor is over, Darryl Sydor is back on ice.
11:04 of 3rd period - Penalty to Éric Dazé is over, Éric Dazé is back on ice.
11:08 of 3rd period - Éric Dazé is hit by Todd Bertuzzi and loses puck.
11:21 of 3rd period - Snap shot by Evgeni Malkin.
11:21 of 3rd period - Stopped by Jonas Hiller with a rebound.
11:23 of 3rd period - Snap shot by Éric Dazé.
11:23 of 3rd period - Stopped by Jonas Hiller with a rebound.
11:25 of 3rd period - Wrist shot by Alex Tanguay.
11:25 of 3rd period - Deflect By Evgeni Malkin.
11:25 of 3rd period - Stopped by Jonas Hiller with a rebound.
11:27 of 3rd period - Slapshot by Sergei Gonchar.
11:27 of 3rd period - Shot Blocked by Jay McKee.
11:29 of 3rd period - Wrist shot by Evgeni Malkin.
11:29 of 3rd period - Goal by Evgeni Malkin - Capitals : 2 - Whalers : 5.
11:30 of 3rd period - Chris Kelly wins face-off versus Mike Richards in neutral zone.
11:34 of 3rd period - Off-side.
11:35 of 3rd period - Chris Kelly wins face-off versus Mike Richards in neutral zone.
12:20 of 3rd period - Slapshot by François Beauchemin.
12:20 of 3rd period - Stopped by Jonas Hiller with a rebound.
12:22 of 3rd period - Wrist shot by Jason Blake.
12:22 of 3rd period - Stopped by Jonas Hiller with a rebound.
12:24 of 3rd period - Wrist shot by Peter Regin.
12:24 of 3rd period - Shot Misses the Net.
12:26 of 3rd period - Slapshot by François Beauchemin.
12:26 of 3rd period - Shot Hit the Post.
12:44 of 3rd period - Wrist shot by Thomas Vanek.
12:44 of 3rd period - Stopped by Jonas Hiller without a rebound.
12:45 of 3rd period - Dominic Moore wins face-off versus Patrick Kane in Whalers zone.
13:39 of 3rd period - Minor Penalty to Jason Blake for Delaying the game.
13:40 of 3rd period - Pavel Datsyuk wins face-off versus Evgeni Malkin in Capitals zone.
14:09 of 3rd period - Ray Whitney is hit by Brian Rafalski and loses puck.
14:43 of 3rd period - Icing by Jay McKee.
14:44 of 3rd period - Thomas Vanek wins face-off versus Pavel Datsyuk in Whalers zone.
14:55 of 3rd period - Wrist shot by Jay McKee.
14:55 of 3rd period - Shot Blocked by Sergei Gonchar.
15:39 of 3rd period - Penalty to Jason Blake is over, Jason Blake is back on ice.
15:51 of 3rd period - Snap shot by Mike Richards.
15:51 of 3rd period - Stopped by Jonas Hiller without a rebound.
15:52 of 3rd period - Nils Ekman wins face-off versus Peter Regin in Whalers zone.
16:40 of 3rd period - Snap shot by Richard Jackman.
16:40 of 3rd period - Stopped by Marty Turco with a rebound.
16:43 of 3rd period - Icing by Sergei Gonchar.
16:44 of 3rd period - Pavel Datsyuk wins face-off versus Nicklas Backstrom in Capitals zone.
16:51 of 3rd period - Wrist shot by Antoine Vermette.
16:51 of 3rd period - Deflect By Pavel Datsyuk.
16:51 of 3rd period - Shot Misses the Net.
16:51 of 3rd period - Puck is out of play.
16:52 of 3rd period - Pavel Datsyuk wins face-off versus Evgeni Malkin in Capitals zone.
17:19 of 3rd period - Chris Kelly is hit by Thomas Vanek and loses puck.
17:42 of 3rd period - Snap shot by Ales Hemsky.
17:42 of 3rd period - Stopped by Jonas Hiller with a rebound.
17:44 of 3rd period - Slapshot by Ales Hemsky.
17:44 of 3rd period - Stopped by Jonas Hiller without a rebound.
17:45 of 3rd period - Michael Rupp wins face-off versus Peter Regin in Whalers zone.
18:06 of 3rd period - Wrist shot by Michael Rupp.
18:06 of 3rd period - Stopped by Marty Turco with a rebound.
18:08 of 3rd period - Snap shot by Michael Rupp.
18:08 of 3rd period - Shot Misses the Net.
18:10 of 3rd period - Slapshot by Richard Jackman.
18:10 of 3rd period - Shot Blocked by Keith Ballard.
18:12 of 3rd period - Snap shot by Chad Kilger.
18:12 of 3rd period - Shot Misses the Net.
18:14 of 3rd period - Slapshot by Chad Kilger.
18:14 of 3rd period - Stopped by Marty Turco without a rebound.
18:15 of 3rd period - Pavel Datsyuk wins face-off versus Evgeni Malkin in Capitals zone.
18:21 of 3rd period - Off-side.
18:22 of 3rd period - Pavel Datsyuk wins face-off versus Evgeni Malkin in neutral zone.
18:26 of 3rd period - Antoine Vermette beats up Sergei Gonchar.
18:26 of 3rd period - Penalty to Antoine Vermette for Fighting.
18:26 of 3rd period - Penalty to Sergei Gonchar for Fighting.
18:27 of 3rd period - Pavel Datsyuk wins face-off versus Evgeni Malkin in Capitals zone.
18:54 of 3rd period - Darryl Sydor is hit by Mike Richards and loses puck.


Output by the SimonT Hockey Simulator (STHS) for François Prévost -- Original Page W3C XHTML 1.0 Valid
Hockey Simulator - Hockey Simulation - Hockey Manager